 Dungeon Crawl Stone Soup version 0.31-a0-832-g3a2c1c66ba (webtiles) character file.

Game seed: 17053598177870332899

16452 Essalna the Geomancer (level 12, -9/80 HPs)
             Began as a Gargoyle Earth Elementalist on Sept 25, 2023.
             Was an Elder of Vehumet.
             Mangled by Snorg (15 damage)
             ... on level 10 of the Dungeon.
             The game lasted 00:17:11 (10511 turns).

Essalna the Geomancer (GrEE)                       Turns: 10511, Time: 00:17:11

Health: -9/80      AC: 22    Str:  8    XL:     12   Next: 37%
Magic:  4/27       EV: 10    Int: 24    God:    Vehumet [****..]
Gold:   612        SH:  0    Dex: 10    Spells: 15/19 levels left

rFire   . . .        q - +5 spear "Ligo" {holy, rElec rPois Will+ Str-4}
rCold   . . .        (no shield)
rNeg    + . .        A - +1 ring mail of Fecveps {MP+9}
rPois   ∞            x - +2 helmet {Int+3}
rElec   +            u - +2 cloak {rCorr}
rCorr   +            (no gloves)
SInv    +            (no boots)
Will    ++...        (no amulet)
Stlth   +            k - ring of see invisible
HPRegen 0.33/turn    F - ring of willpower
MPRegen 0.20/turn

%: no passive effects
@: no status effects
A: sickness immunity, AC +8, negative energy resistance 1, electricity
resistance, torment resistance 1, petrification resistance
a: Renounce Religion


You were on level 10 of the Dungeon.
You worshipped Vehumet.
Vehumet was greatly pleased with you.
You visited 1 branch of the dungeon, and saw 10 of its levels.

You collected 612 gold pieces.

Inventory:

Hand Weapons
 f - a +0 dagger
 q - the +5 spear "Ligo" (weapon) {holy, rElec rPois Will+ Str-4}
   (You found it on level 3 of the Dungeon)

   Str-4:     It affects your strength (-4).
   rElec:     It insulates you from electricity.
   rPois:     It protects you from poison Will+: It increases your willpower.
Armour
 a - a +0 robe
 c - a +0 cloak
 u - a +2 cloak of preservation (worn)
 x - a +2 helmet of intelligence (worn)
 A - the +1 ring mail of Fecveps (worn) {MP+9}
   (You found it on level 7 of the Dungeon)

   MP+9:      It affects your magic capacity (+9).
Magical Staves
 t - a staff of earth
Jewellery
 k - a ring of see invisible (left hand)
 w - a +6 ring of strength
 F - a ring of willpower (right hand)
 J - a +6 ring of strength
 K - a ring of flight
 L - a ring of willpower
 O - a ring of willpower
Wands
 s - a wand of digging (16)
 z - a wand of quicksilver (14)
 B - a wand of flame (34)
 H - a wand of iceblast (13)
 M - a wand of charming (13)
 P - a wand of mindburst (16)
Scrolls
 b - 2 scrolls of fog {unknown}
 d - 4 scrolls of immolation {unknown}
 e - 12 scrolls of identify {unknown}
 h - a scroll of poison {unknown}
 i - a scroll of blinking {unknown}
 l - 5 scrolls of vulnerability {unknown}
 m - 2 scrolls of enchant armour {unknown}
 n - 2 scrolls of teleportation {unknown}
 y - 4 scrolls of revelation {unknown}
 D - a scroll of butterflies {unknown}
 Q - a scroll of noise {unknown}
 R - a scroll of amnesia {unknown}
Potions
 g - 4 potions of enlightenment {unknown}
 j - a potion of resistance {unknown}
 o - 3 potions of berserk rage {unknown}
 p - 4 potions of heal wounds {unknown}
 r - 4 potions of mutation {unknown}
 v - 2 potions of degeneration {unknown}
 C - a potion of lignification {unknown}
 E - 4 potions of curing {unknown}
 G - a potion of cancellation {unknown}
 I - a potion of magic
 N - a potion of attraction {unknown}
 S - a potion of invisibility {unknown}


   Skills:
 + Level 11.7 Fighting
 - Level 5.0 Armour
 - Level 1.5 Dodging
 - Level 2.1 Stealth
 - Level 4.0 Spellcasting
 + Level 11.5 Conjurations
 - Level 2.0 Transmutations
 + Level 13.8 Earth Magic


You had 15 spell levels left.
You knew the following spells:

 Your Spells              Type           Power      Damage    Failure   Level
a - Sandblast             Erth           100%       2d20      1%          1
b - Stone Arrow           Conj/Erth      100%       3d13      1%          3

Your spell library contained the following spells:

 Spells                   Type           Power      Damage    Failure   Level
 Fulminant Prism          Conj/Hex       16%        3d10      7%          4
 Passwall                 Tmut/Erth      35%        N/A       1%          2
 Brom's Barrelling Bould  Conj/Erth      60%        2d8       1%          4
 Petrify                  Tmut/Erth      42%        N/A       11%         4
 Arcjolt                  Conj/Air       16%        1d26      17%         5
 Vhi's Electric Charge    Tloc/Air       8%         N/A       95%         4
 Plasma Beam              Fire/Air       2%         2x1d12    100%        6


Dungeon Overview and Level Annotations

Branches:
Dungeon (10/15)            Temple (0/1) D:4            Lair (0/5) D:8
    Orc (0/2) D:10

Altars:
Ashenzari
Hepliaklqana
Kikubaaqudgha
Makhleb
Nemelex Xobeh
Ru
Vehumet
Wu Jian
Yredelemnul
Zin

Shops:
D:3 ?   D:5 *

Annotations:
D:5 2 transporters, Opifex's ghost, weakling GrDe
D:10 Snorg


Innate Abilities, Weirdness & Mutations

You are immune to sickness and miasma.
Your stone body is resilient. (AC +8)
You are immune to poison.
You resist negative energy. (rN+)
You are resistant to electric shocks. (rElec)
You are resistant to unholy torment.
You are immune to petrification.


Message History

Casting: Stone Arrow (safe; 1% risk of failure)
Confirm with . or Enter, or press ? or * to list all spells.
Aiming: Stone Arrow (safe; 1% risk of failure)
Press: ? - help, Shift-Dir - straight line, f/p - Snorg
Aim: Snorg (heavily wounded, berserk, 78% to hit)
The stone arrow hits Snorg!!
Snorg is severely wounded.
Snorg bites you! Snorg claws you but does no damage. Snorg barely misses you.
Casting: Stone Arrow (safe; 1% risk of failure)
Confirm with . or Enter, or press ? or * to list all spells.
Aiming: Stone Arrow (safe; 1% risk of failure)
Press: ? - help, Shift-Dir - straight line, f/p - Snorg
Aim: Snorg (severely wounded, berserk, 78% to hit)
The stone arrow hits Snorg!
Snorg is severely wounded.
Snorg bites you. Snorg claws you. Snorg barely misses you. Snorg misses you.
Snorg claws you but does no damage. Snorg claws you.
Casting: Stone Arrow (safe; 1% risk of failure)
Confirm with . or Enter, or press ? or * to list all spells.
Aiming: Stone Arrow (safe; 1% risk of failure)
Press: ? - help, Shift-Dir - straight line, f/p - Snorg
Aim: Snorg (severely wounded, berserk, 78% to hit)
The stone arrow hits Snorg!!
Snorg is almost dead.
Snorg bites you!
* * * LOW HITPOINT WARNING * * *
Snorg claws you but does no damage. Snorg closely misses you.
Casting: Stone Arrow (safe; 1% risk of failure)
Confirm with . or Enter, or press ? or * to list all spells.
Aiming: Stone Arrow (safe; 1% risk of failure)
Press: ? - help, Shift-Dir - straight line, f/p - Snorg
Aim: Snorg (almost dead, berserk, 78% to hit)
The stone arrow hits Snorg!
Snorg is almost dead.
Snorg bites you.
* * * LOW HITPOINT WARNING * * *
Snorg closely misses you. Snorg claws you but does no damage. Snorg bites you!
* * * LOW HITPOINT WARNING * * *
Snorg claws you!
You die...

#........##..########'## ##
###...#.#...#.######..# ##
..#..#..###.##.##..## #.
#...>.........###.### ##. #
##....#.#..###....# #.. #.
##.#.##.##.#..#>...#### ##.#
#.##.##..#.#.##..#.......###.Z.
###.......#....T#..#....##..##...
'####......##.##@.##....###......
######.######.#.####....# ####...
##.#.....# #... #....# #...
....#.#...##.... ###### ####
###...#.#..#..#.# #######.#.####.
### .#### ...# ######.###### ####


You could see Snorg (berserk).

Vanquished Creatures
  Gastronok (D:9)
  A hydra (D:8)
  3 death yaks
  5 two-headed ogres
  Amaemon (D:10)
  Maurice (D:9)
  An orange demon (D:10)
  Jeremiah (D:8)
  A komodo dragon (D:10)
  Grinder (D:5)
  A hornet (D:9)
  Sigmund (D:5)
  2 shadows
  A wyvern (D:8)
  2 wraiths (D:9)
  20 yaks
  2 steam dragons (D:7)
  4 water moccasins
  5 orc warriors
  A sky beast (D:7)
  2 ice beasts
  An ogre (D:5)
  2 phantoms (D:10)
  A centaur (D:8)
  A kobold brigand (D:9)
  2 bullfrogs
  A gnoll sergeant (D:5)
  7 scorpions
  11 wights
  4 killer bees (D:10)
  2 troll zombies (D:10)
  2 vampire bats (D:8)
  2 howler monkeys (D:9)
  2 hounds
  3 jellies
  5 orc priests
  3 iguanas
  2 sleepcaps
  Jessica (D:2)
  9 orc wizards
  2 ogre zombies (D:10)
  11 gnolls
  2 adders (D:5)
  2 white imps
  An ufetubus (D:4)
  2 worms (D:2)
  3 dart slugs
  30 orcs
  6 ball pythons
  2 bat skeletons (D:8)
  4 bat zombies (D:8)
  6 endoplasms
  A giant cockroach (D:4)
  7 goblins
  4 hobgoblins
  2 jackals (D:3)
  6 kobolds
  2 quokkas (D:3)
  6 bats
  6 frilled lizards
  2 goblin skeletons (D:10)
  3 hobgoblin zombies (D:10)
  2 orc skeletons (D:10)
  9 orc zombies (D:10)
  4 rats
243 creatures vanquished.

Vanquished Creatures (others)
  An orc (D:7)
1 creature vanquished.

Grand Total: 244 creatures vanquished

Notes
Turn   | Place    | Note
-------+----------+-------------------------------------------
     0 | D:1      | Essalna the Gargoyle Earth Elementalist began the quest for
                  | the Orb.
     0 | D:1      | Reached XP level 1. HP: 10/10 MP: 3/3
   248 | D:1      | Reached skill level 1 in Transmutations
   502 | D:1      | Reached XP level 2. HP: 15/15 MP: 3/5
   783 | D:2      | Reached skill level 4 in Earth Magic
   849 | D:2      | Found a basalt altar of Yredelemnul.
  1069 | D:2      | Reached XP level 3. HP: 19/19 MP: 4/6
  1101 | D:2      | Noticed Jessica
  1111 | D:2      | Killed Jessica
  1208 | D:2      | Reached XP level 4. HP: 24/24 MP: 6/8
  1361 | D:3      | Found Jado's Magic Scroll Shoppe.
  1552 | D:3      | Reached skill level 5 in Earth Magic
  1555 | D:3      | Reached XP level 5. HP: 23/28 MP: 4/9
  2278 | D:3      | Found a radiant altar of Vehumet.
  2286 | D:3      | Became a worshipper of Vehumet
  2712 | D:3      | Identified the +5 spear "Ligo" {holy, rElec rPois Will+
                  | Str-4}
  2834 | D:4      | Found a staircase to the Ecumenical Temple.
  2848 | D:4      | Noticed an ice beast
  2852 | D:4      | Killed an ice beast
  2853 | D:4      | Reached skill level 1 in Fighting
  2853 | D:4      | Reached skill level 6 in Earth Magic
  2853 | D:4      | Reached XP level 6. HP: 34/34 MP: 6/12
  2996 | D:4      | Learned a level 3 spell: Stone Arrow
  3071 | D:4      | Noticed a yak
  3072 | D:4      | Noticed a yak
  3073 | D:4      | Noticed a yak
  3073 | D:4      | Noticed a yak
  3074 | D:4      | Noticed a yak
  3075 | D:4      | Killed a yak
  3076 | D:4      | Reached skill level 1 in Conjurations
  3076 | D:4      | Reached XP level 7. HP: 40/40 MP: 10/13
  3077 | D:4      | Noticed a yak
  3281 | D:4      | Killed a yak
  3298 | D:4      | Killed a yak
  3299 | D:4      | Reached skill level 7 in Earth Magic
  3299 | D:4      | Killed a yak
  3300 | D:4      | Reached XP level 8. HP: 47/48 MP: 6/14
  3303 | D:4      | Killed a yak
  3308 | D:4      | Killed a yak
  3309 | D:4      | Reached skill level 8 in Earth Magic
  3611 | D:4      | Found a sparkling altar of Nemelex Xobeh.
  3677 | D:4      | Reached skill level 5 in Fighting
  4015 | D:5      | Entered Level 5 of the Dungeon
  4186 | D:5      | Found Qus Leas's Lightly-Used Armoury.
  4283 | D:5      | Reached skill level 5 in Conjurations
  4302 | D:5      | Found a transporter.
  4305 | D:5      | Found a transporter.
  4405 | D:5      | Reached XP level 9. HP: 55/55 MP: 11/15
  4406 | D:5      | Reached * piety under Vehumet
  4406 | D:5      | Offered knowledge of Shock by Vehumet.
  4459 | D:5      | Reached skill level 9 in Earth Magic
  4521 | D:5      | Noticed Sigmund
  4524 | D:5      | Killed Sigmund
  4549 | D:5      | Noticed Grinder
  4552 | D:5      | Killed Grinder
  4812 | D:5      | Found an ornate altar of the Wu Jian Council.
  4867 | D:5      | Found a burning altar of Makhleb.
  4939 | D:5      | Noticed Opifex's ghost (weakling GrDe)
  5793 | D:7      | Reached skill level 10 in Earth Magic
  5805 | D:6      | Offered knowledge of Poisonous Vapours by Vehumet.
  5936 | D:6      | Reached XP level 10. HP: 27/64 MP: 12/16
  5937 | D:6      | Reached ** piety under Vehumet
  6231 | D:7      | Identified the +1 ring mail of Fecveps {MP+9}
  6329 | D:7      | Reached skill level 1 in Armour
  6609 | D:7      | Reached skill level 11 in Earth Magic
  6992 | D:8      | Noticed a two-headed ogre
  6996 | D:8      | Killed a two-headed ogre
  7131 | D:8      | Noticed a two-headed ogre
  7135 | D:8      | Killed a two-headed ogre
  7183 | D:8      | Noticed a five-headed hydra
  7188 | D:8      | Killed a five-headed hydra
  7189 | D:8      | Reached XP level 11. HP: 54/71 MP: 17/17
  7310 | D:8      | Noticed Jeremiah
  7310 | D:8      | Noticed a death yak
  7385 | D:9      | Offered knowledge of Frozen Ramparts by Vehumet.
  7429 | D:9      | Reached *** piety under Vehumet
  7530 | D:9      | Reached skill level 12 in Earth Magic
  7602 | D:9      | Noticed a two-headed ogre
  7606 | D:9      | Killed a two-headed ogre
  7607 | D:9      | Reached skill level 5 in Armour
  7667 | D:9      | Found a sacrificial altar of Ru.
  7794 | D:9      | Reached skill level 10 in Fighting
  7900 | D:9      | Noticed Gastronok
  8019 | D:9      | Killed Gastronok
  8020 | D:9      | Reached skill level 10 in Conjurations
  8218 | D:8      | Offered knowledge of Sticky Flame by Vehumet.
  8232 | D:8      | Found an ancient bone altar of Kikubaaqudgha.
  8327 | D:8      | Killed Jeremiah
  8428 | D:8      | Found a glowing silver altar of Zin.
  8429 | D:8      | Noticed an angel
  8527 | D:8      | Found a staircase to the Lair.
  8527 | D:8      | Noticed a death yak
  8579 | D:8      | Killed a death yak
  8661 | D:8      | Noticed a death yak
  8662 | D:8      | Noticed a death yak
  8669 | D:8      | Killed a death yak
  8670 | D:8      | Noticed a death yak
  8671 | D:8      | Noticed a death yak
  8697 | D:9      | Killed a death yak
  8698 | D:9      | Reached skill level 13 in Earth Magic
  8869 | D:9      | Noticed Maurice
  8874 | D:9      | Killed Maurice
  9194 | D:8      | Found a broken altar of Ashenzari.
  9558 | D:10     | Entered Level 10 of the Dungeon
  9760 | D:10     | Reached XP level 12. HP: 80/80 MP: 18/18
  9769 | D:10     | Reached **** piety under Vehumet
 10001 | D:10     | Offered knowledge of Fulminant Prism by Vehumet.
 10052 | D:10     | Found a staircase to the Orcish Mines.
 10101 | D:10     | Noticed Amaemon
 10105 | D:10     | Noticed a two-headed ogre
 10109 | D:10     | Killed Amaemon
 10112 | D:10     | Killed a two-headed ogre
 10259 | D:10     | Noticed a two-headed ogre
 10263 | D:10     | Killed a two-headed ogre
 10325 | D:10     | Identified the +4 scale mail "Goxtizih" {Dex+3 Slay+2}
 10328 | D:10     | Found a hazy altar of Hepliaklqana.
 10391 | D:10     | Identified the +8 rapier of the Desolation of Salt {flame,
                  | rN+++ Str-3 Int+5}
 10503 | D:10     | Noticed Snorg
 10511 | D:10     | Mangled by Snorg

Illustrated notes

Levels and vault maps discovered:
D:1:      scummos_arrival_simple_crosswalls, layout_loops_cross,
          minmay_door_square
D:2:      layout_basic, basic_altar, serial_bayou_pond_d, uniq_jessica
D:3:      layout_basic, vehumet_crystals, serial_shops,
          nicolae_shop_advertising_works [nicolae_subvault_shop_adworks],
          hangedman_abyss_or_decor_stabs, dk_vineyard_3, nrook_uturn,
          nicolae_kite_square_tiling_tiny
D:4:      layout_loops_ring, kennysheep_mini_moat,
          minmay_temple_entry_butterflies
D:5:      layout_basic, mainiacjoe_overflow_catch_the_wave,
          gammafunk_ghost_hive, grunt_ministairs_14,
          eino_small_chamber_without_monster, minmay_shop_damaged, uniq_grinder,
          uniq_sigmund
D:6:      layout_loops_ring, hangedman_decor_riveting, serial_bayou_ford_a
D:7:      layout_loops_cross, minmay_misc_feat_iff
D:8:      layout_rooms, kennysheep_vampire_church, mainiacjoe_overflow_alcove_2,
          zin_angel, dpeg_lair_monsters, uniq_jeremiah
D:9:      layout_long_grid, mainiacjoe_overflow_six_doors_small, uniq_maurice,
          uniq_gastronok
D:10:     layout_roguey, mainiacjoe_overflow_cross_hatched, zombieorc1_lemuel,
          uniq_amaemon, uniq_snorg

Skill      XL: |  1  2  3  4  5  6  7  8  9 10 11 12 |
---------------+-------------------------------------+-----
Transmutations | 1 2 |  2.0
Earth Magic    | 4 5 6 7 8 10 11 13 | 13.8
Spellcasting   | 3 4 |  4.0
Fighting       | 1 2 4 5 7 9 11 | 11.7
Conjurations   | 1 3 5 7 9 10 11 | 11.5
Armour         | 4 5 |  5.0
Dodging        | |  1.5
Stealth        | |  2.1

Action                     |  1- 3 |  4- 6 |  7- 9 | 10-12 || total
---------------------------+-------+-------+-------+-------++-------
  Melee: Dagger            |    12 |     2 |       |       ||    14
         Spear             |       |       |       |    52 ||    52
         Staff             |       |       |       |     1 ||     1
         Punch             |       |       |       |     1 ||     1
   Cast: Sandblast         |    29 |    60 |   132 |   216 ||   437
         Stone Arrow       |       |       |     1 |    63 ||    64
    Use: Potion            |       |       |     1 |       ||     1
   Stab: Sleeping          |       |     1 |       |       ||     1
 Armour: Robe              |    15 |    28 |    83 |    13 ||   139
         Ring mail         |       |       |       |   231 ||   231
  Dodge: Dodged            |    14 |     8 |    53 |   122 ||   197

Table legend: (Time is in decaauts)
 A = Elapsed time spent in this place.
 B = Non-inter-level travel time spent in this place.
 C = Inter-level travel time spent in this place.
 D = Time resting spent in this place.
 E = Time spent auto-exploring this place.
 F = Levels seen in this place.
 G = Mean time per level.
                   A        B        C        D        E       F      G
               +--------+--------+--------+--------+--------+-----+--------+
         Total |  10751 |  10374 |    377 |    336 |   8478 |  10 | 1075.1 |
       Dungeon |  10751 |  10374 |    377 |    336 |   8478 |  10 | 1075.1 |
               +--------+--------+--------+--------+--------+-----+--------+

Top non-repeatable levels by time:
     D:9: 1625 daAuts
     D:4: 1258 daAuts
     D:3: 1119 daAuts
     D:6: 1100 daAuts
     D:8: 1025 daAuts
     D:5: 991 daAuts
     D:2: 977 daAuts
     D:7: 974 daAuts
    D:10: 897 daAuts
     D:1: 780 daAuts
